 Dungeon Crawl Stone Soup version 0.21-a0-51-gea492e9 (webtiles) character file.

165 IamGrul the Digger (level 5, -2/35 HPs)
             Began as a Formicid Earth Elementalist on June 13, 2017.
             Slain by an adder (5 damage)
             ... on level 2 of the Dungeon.
             The game lasted 00:59:13 (2339 turns).

IamGrul the Digger (Formicid Earth Elementalist)    Turns: 2339, Time: 00:59:13

Health: -2/35      AC:  2    Str: 17    XL:     5   Next: 74%
Magic:  1/11       EV: 12    Int: 16    God:
Gold:   175        SH:  0    Dex: 11    Spells: 1/12 levels left

rFire    . . .     SeeInvis +   (no weapon)
rCold    . . .     Gourm    .   (no shield)
rNeg     . . .     Faith    +   c - +0 robe
rPois    .         Spirit   .   (helmet unavailable)
rElec    .         Reflect  .   (no cloak)
rCorr    .         Harm     .   (no gloves)
MR       .....                  (no boots)
Stlth    ++........             w - amulet of faith
Regen    0.2/turn               (no ring)
MPRegen  0.2/turn               (no ring)

@: mighty, lethally poisoned (-2 -> -4), very slightly contaminated
A: permanent stasis, dig shafts and tunnels, four strong arms, antennae 3
a: Dig, Shaft Self


You were on level 2 of the Dungeon.
You were full.

You visited 1 branch of the dungeon, and saw 2 of its levels.

You collected 175 gold pieces.

Inventory:

Hand Weapons
 f - a +0 club
 k - a +0 dagger
 m - a +0 mace
 q - a cursed -2 war axe
 r - a +0 hunting sling
 t - a +0 club
Missiles
 b - 68 stones (quivered)
 g - 18 arrows
 i - 5 large rocks
Armour
 a - a +0 helmet
 c - a +0 robe (worn)
 n - a +0 leather armour
 o - +0 steam dragon scales
 p - a +0 shield
 u - a +0 leather armour
 x - a +0 scale mail
Jewellery
 w - an amulet of faith (around neck)
 y - a +2 ring of strength {unknown}
Scrolls
 h - 2 scrolls of recharging
 v - a scroll of blinking
Potions
 j - a potion of degeneration {unknown}
 l - 2 potions of might
 s - a potion of ambrosia {unknown}
Books
 e - a book of Geomancy

   Spells                             Type                      Level
   a - Sandblast                      Earth                        1
   b - Passwall                       Transmutation/Earth          2
   c - Stone Arrow                    Conjuration/Earth            3
   d - Petrify                        Transmutation/Earth          4
   e - Lee's Rapid Deconstruction     Earth                        5
Comestibles
 d - a meat ration


   Skills:
 - Level 0.2 Fighting
 + Level 1.7 Dodging
 + Level 2.5 Stealth
 + Level 4.0 Spellcasting
 * Level 0.5 Conjurations
 + Level 1.1 Transmutations
 + Level 5.6 Earth Magic


You had one spell level left.
You knew the following spells:

 Your Spells              Type           Power        Failure   Level  Hunger
a - Sandblast             Erth           ###...       1%          1    None
b - Passwall              Tmut/Erth      ##........   6%          2    ##.....
c - Stone Arrow           Conj/Erth      ##....       14%         3    ###....
d - Lee's Rapid Deconstr  Erth           ###.......   43%         5    ######.


Dungeon Overview and Level Annotations

Branches:
Dungeon (2/15)

Altars:


Innate Abilities, Weirdness & Mutations

You cannot be hasted, slowed, berserked, paralysed or teleported.
You can dig through walls and to a lower floor.
Your four strong arms can wield two-handed weapons with a shield.
You have a pair of large antennae on your head. (SInv)


Message History

Aim: an adder (moderately wounded)
The blast of sand hits the adder.
The adder is severely wounded.
b - 69 stones The adder bites you.
* * * LOW HITPOINT WARNING * * *
It was a potion of might.
You feel very mighty all of a sudden. The adder misses you.
Okay, then.
Casting: Sandblast
Confirm with . or Enter, or press ? or * to list all spells.
Aiming: Sandblast
Press: ? - help, Shift-Dir - straight line, f/p - adder
Aim: an adder (severely wounded)
The blast of sand misses the adder.
b - 68 stones
* * * LOW HITPOINT WARNING * * *
You feel sick. The adder bites you.
You die...

## ######### #.#
........######.#.###
##########S......# #..#####
..((.).(...@###.## ##.....# ###
##.##.#..##.####.###..###.# ...
#.#..##.......#.#.# #.# ###.
#....##.#####..##.###.# #. #
##.................##.#
###.###!##....############..##.#
.....##.......## #..##.#
#......%.....# #..##.##
#..####.....## #.......


You could see an adder.

Vanquished Creatures
  Natasha (thrice) (D:2)
  Terence (D:2)
  3 adders (D:2)
  2 oozes (D:2)
  A leopard gecko (D:2)
  5 bats
  2 giant cockroaches (D:1)
  5 hobgoblins
  A ball python (D:1)
  3 frilled lizards
  A kobold (D:2)
  9 rats
36 creatures vanquished.

Notes
Turn   | Place    | Note
-------+----------+-------------------------------------------
     0 | D:1      | IamGrul the Formicid Earth Elementalist began the quest for the Orb.
     0 | D:1      | Reached XP level 1. HP: 13/13 MP: 3/3
   912 | D:1      | Reached skill level 4 in Earth Magic
   912 | D:1      | Reached XP level 2. HP: 19/19 MP: 3/5
   916 | D:1      | Learned a level 2 spell: Passwall
  1351 | D:2      | Reached XP level 3. HP: 24/24 MP: 5/7
  1356 | D:2      | Learned a level 3 spell: Stone Arrow
  1372 | D:2      | Noticed Natasha
  1375 | D:2      | Killed Natasha
  1375 | D:2      | Reached XP level 4. HP: 27/30 MP: 1/8
  1512 | D:2      | Noticed Natasha
  1519 | D:2      | Killed Natasha
  1519 | D:2      | Reached skill level 5 in Earth Magic
  1817 | D:2      | Noticed Natasha
  1871 | D:2      | Noticed Terence
  1929 | D:2      | Killed Terence
  1929 | D:2      | Reached XP level 5. HP: 22/35 MP: 0/10
  1967 | D:2      | Learned a level 5 spell: Lee's Rapid Deconstruction
  2053 | D:2      | Killed Natasha
  2339 | D:2      | Slain by an adder

Vault maps used:
D:1:      dpeg_arrival_short_road
D:2:      minivault_5, minmay_rat_gold_closets, uniq_terence, uniq_natasha

Skill      XL: |  1  2  3  4  5 |
---------------+----------------+-----
Earth Magic    | 4 5 |  5.6
Spellcasting   | 3 4 |  4.0
Fighting       | |  0.2
Dodging        | |  1.7
Stealth        | |  2.5
Conjurations   | |  0.5
Transmutations | |  1.1

Action                   |  1- 3 |  4- 6 || total
-------------------------+-------+-------++-------
Throw: Stone             |    12 |    16 ||    28
 Cast: Sandblast         |    15 |    37 ||    52
       Passwall          |     3 |       ||     3
       Stone Arrow       |     1 |    11 ||    12
  Use: Scroll            |     1 |     1 ||     2
       Potion            |       |     2 ||     2
  Eat: Bread ration      |     1 |     1 ||     2
       Royal jelly       |       |     1 ||     1
Armor: Robe              |       |     4 ||     4
Dodge: Dodged            |     4 |    30 ||    34
